 Dungeon Crawl Stone Soup version 0.27.0-1-g7a08968 (webtiles) character file.

Game seed: 7301264592392881728

528492 PidgeyThePirate the Spry (level 23, -3/333 HPs)
             Began as a Minotaur Berserker on Aug 12, 2021.
             Was the Champion of Trog.
             Splashed by an acid blob's acid (5 damage)
             ... created by the Royal Jelly
             ... on level 5 of the Pits of Slime.
             The game lasted 02:44:46 (61157 turns).

PidgeyThePirate the Spry (Minotaur Berserker)      Turns: 61157, Time: 02:44:47

Health: -3/333     AC: 19    Str: 30    XL:     23   Next: 90%
Magic:  22/22      EV: 25    Int:  5    God:    Trog [******]
Gold:   3211       SH: 16    Dex: 12    Spells: 22/22 levels left

rFire    + . .     SeeInvis +   L - +9 double sword (protect)
rCold    + . .     Faith    +   Z - +1 kite shield {rF+}
rNeg     . . .     Spirit   .   V - +0 storm dragon scales
rPois    .         Reflect  .   (helmet restricted)
rElec    +         Harm     .   B - +1 cloak of Starlight {*Dazzle EV+4 Stlth--}
rCorr    .         Rampage  +   F - +2 pair of gloves {Str+3}
Will     +++..     NoCast   +   K - +1 pair of boots
Stlth    ..........             I - amulet "Saphuono" {Faith -Cast Rampage Will++ SInv}
HPRegen  0.00/turn              Q - +4 ring of evasion
MPRegen  0.18/turn              W - ring "Fyasul" {Contam rElec rC+ AC+4 Str+4}

@: berserking, corroded, under a protective aura, inhibited regen, very quick
A: horns 2, retaliatory headbutt, clumsy 1, dopey 1, robust 1, inhibited
regeneration, weak 1
}: 4/15 runes: decaying, slimy, silver, gossamer
a: Renounce Religion, Berserk, Trog's Hand, Brothers in Arms


You were on level 5 of the Pits of Slime.
You worshipped Trog.
Trog was exalted by your worship.
You visited 8 branches of the dungeon, and saw 44 of its levels.
You visited 1 bazaar.
You also visited: Sewer, Bailey, Gauntlet, Ice Cave and Volcano.

You collected 5719 gold pieces.
You spent 2508 gold pieces at shops.

Inventory:

Hand Weapons
 L - a +9 double sword of protection (weapon)
Missiles
 h - 11 javelins (quivered)
 r - 5 silver javelins
Armour
 B - the +1 cloak of Starlight (worn) {*Dazzle EV+4 Stlth--}
   (You found it in a bailey)

   It may blind those who miss an attack against the wearer in melee combat.
   EV:        It affects your evasion (+4).
   Stlth:     It makes you much less stealthy.
 E - a +2 cloak of preservation
 F - a +2 pair of gloves of strength (worn)
 K - a +1 pair of boots (worn)
 V - +0 storm dragon scales (worn)
 Z - a +1 kite shield of fire resistance (worn)
Jewellery
 z - a ring of positive energy
 I - the amulet "Saphuono" (around neck) {Faith -Cast Rampage Will++ SInv}
   (You found it on level 9 of the Dungeon)

   [amulet of faith]

   It allows you to gain divine favour quickly.
   SInv:      It lets you see invisible.
   -Cast:     It prevents spellcasting.
   Rampage:   It bestows one free step when moving towards enemies.
   Will:      It greatly increases your willpower.
 Q - a +4 ring of evasion (left hand)
 W - the ring "Fyasul" (right hand) {Contam rElec rC+ AC+4 Str+4}
   (You found it on level 13 of the Dungeon)

   [ring of protection]

   AC:        It affects your AC (+4).
   Str:       It affects your strength (+4).
   rC:        It protects you from cold.
   rElec:     It insulates you from electricity.
   Contam:    It causes magical contamination when unequipped.
Wands
 c - a wand of polymorph (36)
 i - a wand of mindburst (62)
 s - a wand of digging (21)
 v - a wand of iceblast (100)
 y - a wand of charming (14)
 H - a wand of flame (98)
 N - a wand of paralysis (28)
 S - a wand of acid (47)
Scrolls
 d - 15 scrolls of teleportation
 e - 9 scrolls of fog
 f - 2 scrolls of immolation
 g - 12 scrolls of enchant armour
 m - 7 scrolls of blinking
 q - 4 scrolls of fear
 J - 18 scrolls of identify
 M - a scroll of brand weapon
 T - 5 scrolls of holy word
 U - 5 scrolls of magic mapping
 Y - 4 scrolls of silence
Potions
 b - 10 potions of might
 j - 23 potions of curing
 k - 5 potions of berserk rage
 l - 3 potions of heal wounds
 n - 6 potions of haste
 o - 6 potions of invisibility
 p - 6 potions of cancellation
 t - 4 potions of mutation
 u - 7 potions of flight
 w - 14 potions of ambrosia
 x - 7 potions of magic
 A - 5 potions of resistance
 D - 8 potions of attraction
 R - 6 potions of lignification
Miscellaneous
 a - a lightning rod (2/4)
 C - a phantom mirror
 G - a condenser vane (inert)
 O - a phial of floods
 X - a tin of tremorstones (2/2)


   Skills:
 - Level 16.0 Fighting
 - Level 1.0(11.6) Short Blades
 + Level 18.4 Long Blades
 - Level 0.5(1.0) Axes
 - Level 0.7(1.0) Maces & Flails
 - Level 0.5(0.9) Polearms
 - Level 0.5(1.0) Staves
 - Level 0.5(11.6) Slings
 - Level 1.3 Bows
 - Level 0.5 Crossbows
 - Level 15.9(16.0) Throwing
 - Level 20.0 Armour
 - Level 20.0 Dodging
 - Level 4.0 Stealth
 - Level 15.0 Shields
 - Level 0.6 Unarmed Combat
 - Level 0.3 Invocations
 - Level 20.0 Evocations


You had 22 spell levels left.
You didn't know any spells.
Your spell library was empty.

Dungeon Overview and Level Annotations

Branches:
Dungeon (15/15)            Temple (0/1) D:7            Lair (6/6) D:10
  Swamp (4/4) Lair:2       Spider (4/4) Lair:3        Slime (5/5) Lair:5
    Orc (2/2) D:10            Elf (3/3) Orc:2        Vaults (5/5) D:13
  Crypt (0/3) Vaults:3     Depths (0/5) D:15          Sewer (visited)
 Bailey (visited)           IceCv (visited)         Volcano (visited)
Gauntlet (visited)

Altars:
Ashenzari
Dithmenos
Elyvilon
Nemelex Xobeh
Okawaru
Ru
Trog
Xom
The Shining One
Beogh
Jiyva

Shops:
D:1 :   D:3 =   D:15 **!(   Orc:2 **!*:   Elf:1 :::   Vaults:1 *   Vaults:2 [
Vaults:5 (

Portals:
Trove: D:12 (give +5 demon whip)

Annotations:
D:8 3 runed translucent doors, afterthought's ghost, novice MiHu; edsrzf's ghost, novice DDWz; yakattack's ghost, novice DDCK


Innate Abilities, Weirdness & Mutations

You have a pair of horns on your head.
You reflexively headbutt those who attack you in melee.
You are clumsy. (Dex -2)
You are dopey. (Int -2)
You are robust. (+10% HP)
You do not regenerate when monsters are visible.
You are weak. (Str -2)


Message History

You slice the acid blob!!
Your hands burn!
* * * LOW HITPOINT WARNING * * *
You headbutt the acid blob!
The acid blob is heavily wounded.
The acid blob spits acid at you.
The splash of acid hits you but does no damage.
The acid corrodes you!
You are splashed with acid!
* * * LOW HITPOINT WARNING * * *
You slash the acid blob!
Your hands burn!
* * * LOW HITPOINT WARNING * * *
Your headbutt misses the acid blob.
The acid blob is heavily wounded.
The azure jelly closely misses you.
You riposte.
You slash the azure jelly!
The azure jelly is lightly wounded.
The azure jelly misses you.
The azure jelly completely misses you. x2
You block the azure jelly's attack. x2
The azure jelly hits you but does no damage. x2
You slash the acid blob!
Your hands burn!
* * * LOW HITPOINT WARNING * * *
The acid blob is severely wounded.
The acid blob hits you!!
* * * LOW HITPOINT WARNING * * *
The acid corrodes you!
You are splashed with acid!
* * * LOW HITPOINT WARNING * * *
The azure jelly hits you but does no damage.
The azure jelly barely misses you. You block the azure jelly's attack. x2
You hit the acid blob but do no damage.
Your hands burn!
* * * LOW HITPOINT WARNING * * *
The acid blob is severely wounded.
The azure jelly barely misses you.
You riposte.
You slice the azure jelly!!
The azure jelly is moderately wounded.
You block the azure jelly's attack.
The azure jelly hits you but does no damage.
You block the azure jelly's attack. The acid blob hits you!
* * * LOW HITPOINT WARNING * * *
The acid corrodes you!
You are splashed with acid!
* * * LOW HITPOINT WARNING * * *
Unknown command.
You slash the acid blob!
Your hands burn!
You die...

..##.##.....................#
.##)?.##....................##
..##."[##....................##
....:.=.##....................#
.....[|.###..................##
...[..)###....................#
......####...................##
.......#....................##
.........##....J@............#
......#####.....JJ..........##
...[..(## #................##
....))..# #................##
...=.[.(###..........)......#
..##![.##.................###
.##...###.................#
..##[##.................#..#
#.####..........J........#.#


You could see an acid blob and 2 azure jellies.

Vanquished Creatures
  the Royal Jelly (Slime:5)
  An ancient lich (Vaults:5)
  A dread lich (Vaults:4)
  Saint Roka (Vaults:1)
  Margery (Vaults:3)
  Arachne (Spider:2)
  Nikola (Vaults:2)
  Rupert (D:13)
  A tentacled monstrosity (Vaults:4)
  A lich (Vaults:5)
  The ghost of ees the Brawler, an adept TrBe of Trog (Elf:2)
  4 titans (Vaults:5)
  A quicksilver dragon (Vaults:5)
  Frances (Swamp:1)
  23 acid blobs
  3 sphinxes
  6 azure jellies
  3 storm dragons
  7 shadow dragons
  A thorn hunter (Swamp:1)
  3 tengu reavers
  An iron dragon (Vaults:5)
  7 rockslimes
  A fenstrider witch (Swamp:1)
  4 fire giants (Vaults:5)
  Aizul (Swamp:1)
  2 ghost moths
  21 vault wardens
  4 frost giants
  6 emperor scorpions
  The ghost of burt the Thaumaturge, a journeyman DrCj of Vehumet (Orc:2)
  22 ironbound preservers
  3 orc warlords
  A ghoul (Swamp:2)
  4 war gargoyles
  3 stone giants
  14 very ugly things
  8 quicksilver oozes
  2 deep elf annihilators
  4 dire elephants (Vaults:2)
  6 deep elf demonologists
  2 bunyips
  A white draconian (IceCv)
  An entropy weaver (Spider:1)
  Azrael (D:14)
  2 spark wasps
  A minotaur (Gauntlet)
  Snorg (Lair:3)
  3 eleionomae
  3 ettins
  2 deep elf death magi
  A shambling mangrove (Swamp:3)
  2 crystal guardians
  2 deep elf high priests
  15 yaktaur captains
  Harold (Lair:2)
  4 peacekeepers
  10 great orbs of eyes
  42 vault guards
  5 ironbound thunderhulks
  6 ice dragons
  24 hydras
  6 ogre magi
  A death knight (D:13)
  3 boulder beetles
  12 ironbound frosthearts
  A ghost crab (Swamp:3)
  2 catoblepae
  4 alligators
  16 centaur warriors
  15 two-headed ogres
  5 death yaks
  27 dancing weapons
  3 orc high priests
  3 deep troll earth magi (Vaults:5)
  A hell hog (Volcano)
  Urug (Lair:1)
  4 tengu warriors
  13 deep elf knights
  5 hell knights (Vaults:3)
  4 ironbound beastmasters
  A storm dragon zombie (Vaults:2)
  A titan skeleton (Vaults:3)
  A soul eater (Gauntlet)
  A fire crab (Volcano)
  7 skeletal warriors (Vaults:3)
  3 goliath frogs
  A shadow wraith (Vaults:5)
  4 spriggan druids
  39 deep trolls
  10 bog bodies
  7 swamp dragons
  A glowing orange brain (Slime:4)
  12 wizards
  8 phantasmal warriors
  Pikel (D:6)
  22 ironbound convokers
  3 lindwurms
  6 necromancers
  An orange crystal statue (IceCv)
  12 orc knights
  2 tengu skeletons (Vaults:3)
  8 deep elf archers
  23 deep elf pyromancers
  39 ugly things
  10 orb spiders
  3 orc sorcerers
  14 deep elf zephyrmancers
  4 will-o-the-wisps
  A sphinx skeleton (Vaults:4)
  18 wolf spiders
  6 shining eyes
  2 cyclopes
  A moth of wrath (shapeshifter) (Vaults:4)
  26 elephants
  A moth of wrath (Spider:4)
  A stone giant skeleton (Vaults:3)
  5 manticores
  22 vault sentinels
  A guardian serpent (Lair:6)
  A frost giant skeleton (Vaults:4)
  Joseph (D:8)
  7 black mambas
  3 eyes of devastation
  2 human skeletons (Vaults:3)
  19 cane toads
  2 kobold demonologists
  18 rime drakes
  3 torpor snails
  3 elf skeletons (Vaults:3)
  A human zombie (Vaults:2)
  An efreet (D:14)
  3 entropy weaver simulacra (D:15)
  6 komodo dragons
  37 yaktaurs
  9 demonic crawlers
  A tengu conjurer (D:15)
  An ice devil (Gauntlet)
  5 freezing wraiths
  A polar bear (shapeshifter) (D:13)
  A yaktaur skeleton (Vaults:3)
  12 polar bears
  8 tyrant leeches
  5 trolls
  19 jumping spiders
  A queen bee (Lair:2)
  A tengu simulacrum (Vaults:2)
  A tyrant leech (shapeshifter) (Vaults:5)
  7 blink frogs
  2 raiju (shapeshifter)
  A shadow dragon simulacrum (Vaults:4)
  4 dream sheep (Lair:6)
  7 hornets
  A dream sheep (shapeshifter) (Vaults:5)
  A blink frog (shapeshifter) (D:13)
  152 slime creatures
  A snapping turtle (shapeshifter) (Vaults:5)
  43 redbacks
  An ettin skeleton (Vaults:2)
  3 air elementals
  3 spriggans (Swamp:2)
  12 tarantellas
  2 water elementals
  Sigmund (D:4)
  21 wyverns
  39 yaks
  4 wraiths
  9 basilisks
  10 fire elementals
  8 golden eyes
  A vampire (D:12)
  10 fire bats (Volcano)
  2 minotaur simulacra (D:15)
  2 steam dragons
  27 vampire mosquitoes
  A basilisk (shapeshifter) (Vaults:5)
  7 wargs
  14 swamp worms
  An acid dragon (D:9)
  A floating eye (Slime:2)
  29 water moccasins
  3 hell hounds
  An ogre skeleton (Vaults:3)
  A water moccasin (shapeshifter) (D:15)
  13 swamp drakes
  5 black bears
  31 orc warriors
  A hornet zombie (D:6)
  An ice beast (D:5)
  34 ogres
  A boggart (Vaults:4)
  19 wolves
  4 necrophages (Swamp:2)
  3 centaurs
  2 phantoms
  A lemure (D:6)
  Blork the orc (D:6)
  2 kobold brigands (D:9)
  16 bullfrogs
  5 earth elementals
  2 gnoll sergeants
  A water moccasin zombie (D:6)
  2 deep troll simulacra (D:15)
  5 scorpions
  A water moccasin skeleton (D:5)
  A wyvern skeleton (D:7)
  A lindwurm simulacrum (D:15)
  28 killer bees
  7 electric eels
  4 howler monkeys
  8 lava snakes (Volcano)
  2 centaur zombies
  16 orc priests
  A hound (D:5)
  2 bullfrog skeletons
  15 jellies
  A centaur skeleton (D:5)
  2 iguanas (D:7)
  27 orc wizards
  4 hell rats (Lair:4)
  Ijyb (D:3)
  2 centaur simulacra
  A howler monkey zombie (D:6)
  14 gnolls
  A howler monkey skeleton (D:7)
  14 adders
  4 river rats (Sewer)
  4 shadow imps (Gauntlet)
  6 white imps
  An ufetubus (D:5)
  2 worms
  3 dart slugs
  63 orcs
  20 ball pythons
  4 bats
  8 endoplasms
  6 giant cockroaches
  15 goblins
  14 hobgoblins
  7 jackals
  4 quokkas
  4 frilled lizards
  5 goblin skeletons (D:5)
  13 kobolds
  2 kobold skeletons (D:5)
  2 kobold zombies (D:5)
  An orc skeleton (D:5)
  An orc zombie (D:5)
  26 rats
1882 creatures vanquished.

Vanquished Creatures (collateral kills)
  A tengu reaver (Vaults:5)
  A frost giant (Vaults:5)
  2 vault wardens
  3 emperor scorpions (Spider:4)
  A stone giant (Vaults:2)
  An ironbound preserver (Vaults:2)
  An ettin (D:15)
  2 vault guards (Vaults:2)
  A peacekeeper (Vaults:2)
  A boulder beetle (D:15)
  3 dancing weapons (Elf:2)
  An orc high priest (Bailey)
  3 deep trolls (Vaults:2)
  A spriggan druid (Swamp:4)
  5 ironbound convokers
  2 swamp dragons (Swamp:4)
  2 deep elf zephyrmancers (Elf:2)
  3 orb spiders
  A deep elf pyromancer (Elf:2)
  A wolf spider (Spider:3)
  A yaktaur (Vaults:2)
  2 jumping spiders (Spider:3)
  A spriggan (shapeshifter) (D:15)
  4 redbacks (Spider:3)
  A hobgoblin (Bailey)
45 creatures vanquished.

Vanquished Creatures (others)
  A fire giant (Vaults:4)
  A vault warden (Vaults:2)
  An ironbound thunderhulk (Vaults:3)
  A deep elf knight (Elf:1)
  A deep elf archer (Vaults:5)
  An orb spider (Spider:4)
  A bloated husk (Swamp:4)
  A centaur simulacrum (D:14)
  A tarantella (Spider:4)
  A steam dragon (Volcano)
  An earth elemental (Elf:2)
  2 briar patches (Swamp:1)
  10 foxfires (Swamp:2)
  22 fungi
  57 plants
  14 withered plants (Gauntlet)
116 creatures vanquished.

Grand Total: 2043 creatures vanquished

Notes
Turn   | Place    | Note
-------+----------+-------------------------------------------
     0 | D:1      | PidgeyThePirate the Minotaur Berserker began the quest for
                  | the Orb.
     0 | D:1      | Reached XP level 1. HP: 19/19 MP: 0/0
   145 | D:1      | Found a faded altar of an unknown god.
   260 | D:1      | Reached XP level 2. HP: 25/27 MP: 1/1
   287 | D:1      | Found Zilum's Book Emporium.
   606 | D:2      | Reached XP level 3. HP: 33/33 MP: 2/2
   868 | D:2      | Reached ** piety under Trog
  1280 | D:3      | Noticed an ogre
  1289 | D:3      | Killed an ogre
  1290 | D:3      | Reached skill level 5 in Long Blades
  1290 | D:3      | Reached XP level 4. HP: 37/41 MP: 3/3
  1290 | D:3      | Reached XP level 5. HP: 43/47 MP: 4/4
  1463 | D:3      | Found Wimuenar's Jewellery Shop.
  1480 | D:3      | Found a glowing drain.
  1513 | Sewer    | Entered a sewer
  1971 | Sewer    | Reached *** piety under Trog
  1991 | Sewer    | Reached XP level 6. HP: 39/55 MP: 5/5
  2109 | Sewer    | Reached skill level 5 in Fighting
  2475 | D:3      | Noticed Ijyb
  2494 | D:3      | Killed Ijyb
  3120 | D:4      | Noticed Sigmund
  3126 | D:4      | Killed Sigmund
  3127 | D:4      | Reached skill level 5 in Armour
  3127 | D:4      | Reached XP level 7. HP: 61/61 MP: 6/6
  3953 | D:5      | Entered Level 5 of the Dungeon
  3955 | D:5      | Found a glowing golden altar of the Shining One.
  4189 | D:5      | Reached **** piety under Trog
  4492 | D:5      | Reached XP level 8. HP: 70/70 MP: 7/7
  4654 | D:5      | Reached skill level 1 in Stealth
  5497 | D:6      | Reached skill level 5 in Dodging
  5641 | D:6      | Reached XP level 9. HP: 50/79 MP: 8/8
  5711 | D:6      | Reached skill level 10 in Long Blades
  5886 | D:6      | Noticed Pikel
  5896 | D:6      | Killed Pikel
  5951 | D:6      | Noticed Blork the orc
  5956 | D:6      | Killed Blork the orc
  6961 | D:7      | Found a sparkling altar of Nemelex Xobeh.
  6961 | D:7      | Found an iron altar of Okawaru.
  7012 | D:7      | Found a staircase to the Ecumenical Temple.
  7123 | D:7      | Reached ***** piety under Trog
  7546 | D:7      | Found a bloodstained altar of Trog.
  7635 | D:7      | Found a white marble altar of Elyvilon.
  7817 | D:8      | Found a runed translucent gate.
  7817 | D:8      | Identified the +4 falchion "Geop" {protect, Fly rElec
                  | Dex-5}
  7819 | D:8      | Found a runed translucent gate.
  7904 | D:8      | Noticed Joseph
  7916 | D:8      | Killed Joseph
  7917 | D:8      | Reached XP level 10. HP: 55/90 MP: 9/9
  8272 | D:8      | Found a runed translucent gate.
  8276 | D:8      | Noticed yakattack's ghost (novice DDCK)
  8276 | D:8      | Noticed afterthought's ghost (novice MiHu)
  8276 | D:8      | Noticed edsrzf's ghost (novice DDWz)
  9547 | D:9      | Found a sacrificial altar of Ru.
  9556 | D:9      | Noticed a sun demon
 10482 | D:9      | Identified the amulet "Saphuono" {Faith -Cast Rampage
                  | Will++ SInv}
 10656 | D:10     | Entered Level 10 of the Dungeon
 10956 | D:10     | Reached skill level 10 in Fighting
 10956 | D:10     | Reached XP level 11. HP: 99/99 MP: 10/10
 10977 | D:10     | Noticed a death yak
 10991 | D:10     | Killed a death yak
 11141 | D:10     | Found a staircase to the Lair.
 11260 | D:10     | Reached skill level 10 in Armour
 11323 | D:10     | Received a gift from Trog
 11502 | D:10     | Found a staircase to the Orcish Mines.
 12151 | D:11     | Noticed a two-headed ogre
 12156 | D:11     | Killed a two-headed ogre
 12332 | D:11     | Noticed a deep elf pyromancer
 12367 | D:11     | Killed a deep elf pyromancer
 12775 | D:12     | Noticed a brown ugly thing
 12783 | D:12     | Killed a brown ugly thing
 13133 | D:12     | Noticed a deep elf pyromancer
 13143 | D:12     | Killed a deep elf pyromancer
 13144 | D:12     | Reached XP level 12. HP: 101/110 MP: 11/11
 13202 | D:12     | Found a shadowy altar of Dithmenos.
 13249 | D:12     | Noticed a two-headed ogre
 13255 | D:12     | Killed a two-headed ogre
 13373 | D:12     | Found a portal to a secret trove of treasure.
 13579 | D:13     | Reached skill level 1 in Evocations
 13591 | D:13     | Noticed an ice dragon
 13604 | D:13     | Killed an ice dragon
 13763 | D:13     | Found a gate to the Vaults.
 13777 | D:13     | Identified the ring "Fyasul" {Contam rElec rC+ AC+4 Str+4}
 13902 | D:13     | Noticed Rupert
 13916 | D:13     | Killed Rupert
 13917 | D:13     | Reached skill level 1 in Shields
 13951 | D:13     | Noticed a death knight
 13974 | D:13     | Found a flagged portal.
 13983 | Bailey   | Entered a bailey
 14344 | Bailey   | Found an iron altar of Okawaru.
 14344 | Bailey   | Noticed an orc high priest
 14344 | Bailey   | Noticed an orc high priest
 14348 | Bailey   | Killed an orc high priest
 14352 | Bailey   | Killed an orc high priest
 14402 | Bailey   | Received a gift from Trog
 14585 | Bailey   | Reached skill level 10 in Dodging
 14596 | Bailey   | Acquired 317 gold pieces
 14698 | Bailey   | Acquired a +1 cloak of preservation
 15051 | Bailey   | Found the +1 cloak of Starlight {*Dazzle EV+4 Stlth--}
 15127 | D:13     | Killed a death knight
 15896 | D:14     | Noticed a tengu warrior
 15896 | D:14     | Noticed a tengu warrior
 15896 | D:14     | Noticed a boulder beetle
 15921 | D:13     | Killed a tengu warrior
 15922 | D:13     | Reached XP level 13. HP: 97/118 MP: 12/12
 16172 | D:14     | Noticed Azrael
 16256 | D:14     | Received a gift from Trog
 16261 | D:14     | Reached skill level 5 in Shields
 16641 | D:14     | Killed Azrael
 17149 | D:14     | Found a sparkling altar of Nemelex Xobeh.
 17173 | D:15     | Entered Level 15 of the Dungeon
 17173 | D:15     | Found an iron altar of Okawaru.
 17173 | D:15     | Found Ythriuste's Assorted Antiques.
 17192 | D:15     | Noticed an ettin
 17229 | D:15     | Found a flickering gateway to a bazaar.
 17241 | Bazaar   | Entered a bazaar
 17244 | Bazaar   | Found Goavuyhi's Book Shop.
 17267 | Bazaar   | Found Kathuat's Armour Shop.
 17267 | Bazaar   | Found Dyhilyki's Assorted Antiques.
 17275 | Bazaar   | Bought a pair of runed boots for 210 gold pieces
 17299 | Bazaar   | Found Puthoi's Distillery.
 17370 | D:15     | Found Daamouh's Weapon Shop.
 17450 | D:15     | Killed an ettin
 17451 | D:15     | Reached skill level 10 in Shields
 17472 | D:15     | Found a staircase to the Depths.
 17486 | D:15     | Found a broken altar of Ashenzari.
 17494 | D:15     | Identified the +0 scale mail "Teomnulo" {rPois Will+}
 17529 | D:15     | Found a frozen archway.
 17535 | D:15     | Found Heakhov's Assorted Antiques.
 17542 | IceCv    | Entered an ice cave
 17764 | IceCv    | Reached XP level 14. HP: 126/126 MP: 13/13
 17775 | IceCv    | Reached ****** piety under Trog
 18289 | IceCv    | Identified the +10 falchion "Peelir" {vorpal, +Blink rC-
                  | rN+++ Dex+3} (Trog gifted it to you in an ice cave)
 18289 | IceCv    | Received a gift from Trog
 18439 | IceCv    | Noticed a frost giant
 18445 | IceCv    | Noticed a frost giant
 18500 | IceCv    | Killed a frost giant
 18645 | IceCv    | Killed a frost giant
 18646 | IceCv    | Reached skill level 1 in Bows
 18646 | IceCv    | Reached skill level 1 in Throwing
 18646 | IceCv    | Reached skill level 15 in Shields
 18918 | IceCv    | Noticed a frost giant
 18925 | IceCv    | Reached skill level 1 in Short Blades
 18982 | IceCv    | Killed a frost giant
 19537 | D:15     | Reached skill level 5 in Evocations
 19921 | D:15     | Found Tiutaim's Distillery.
 20155 | Lair:1   | Entered Level 1 of the Lair of Beasts
 20396 | Lair:1   | Received a gift from Trog
 20608 | Lair:1   | Noticed Urug
 20620 | Lair:1   | Killed Urug
 21178 | Lair:2   | Noticed Harold
 21193 | Lair:2   | Killed Harold
 21331 | Lair:2   | Reached XP level 15. HP: 132/132 MP: 14/14
 21425 | Lair:2   | Found a gate leading to a gauntlet.
 21438 | Gauntlet | Entered a Gauntlet
 21438 | Gauntlet | Found a transporter.
 21438 | Gauntlet | Found a runed translucent gate.
 21438 | Gauntlet | Found a transporter.
 21438 | Gauntlet | Found a runed translucent gate.
 21440 | Gauntlet | Found a runed translucent gate.
 21452 | Gauntlet | Found a transporter.
 21472 | Gauntlet | Found a transporter.
 21472 | Gauntlet | Found a transporter.
 21477 | Gauntlet | Found a transporter.
 21477 | Gauntlet | Found a transporter.
 21478 | Gauntlet | Found a transporter.
 21494 | Gauntlet | Found a transporter.
 21515 | Gauntlet | Found a transporter.
 21522 | Gauntlet | Found a runed translucent door.
 21526 | Gauntlet | Found a transporter.
 21540 | Gauntlet | Found a transporter.
 21565 | Gauntlet | Found a transporter.
 21585 | Gauntlet | Found a transporter.
 21766 | Gauntlet | Received a gift from Trog
 21812 | Gauntlet | Reached skill level 15 in Long Blades
 21822 | Gauntlet | Identified the ring of Kukhlid {rElec rF+ Int+6}
 22107 | Lair:2   | Found a staircase to the Swamp.
 22527 | Lair:3   | Found a hole to the Spider Nest.
 22551 | Lair:3   | Noticed Snorg
 22566 | Lair:3   | Killed Snorg
 22887 | Lair:3   | Identified the amulet of the Cricket {Acrobat rElec Dex+4}
 23376 | Lair:4   | Identified the +5 short sword "Rileci" {flame, Will+} (Trog
                  | gifted it to you on level 4 of the Lair of Beasts)
 23376 | Lair:4   | Received a gift from Trog
 24291 | Lair:5   | Identified the +1 robe "Huxzyang" {rCorr MP+9 Int+5}
 24688 | Lair:5   | Received a gift from Trog
 24744 | Lair:5   | Found a staircase to the Slime Pits.
 25281 | Lair:6   | Entered Level 6 of the Lair of Beasts
 25416 | Lair:6   | Reached skill level 15 in Fighting
 25631 | Lair:6   | Identified the +12 mace of Rozol {vorpal, rF- Will- Dex+9
                  | Stlth+}
 25767 | Lair:6   | Reached XP level 16. HP: 151/151 MP: 15/15
 26077 | Lair:6   | Received a gift from Trog
 26340 | Lair:6   | Reached skill level 5 in Throwing
 27036 | Orc:1    | Entered Level 1 of the Orcish Mines
 27247 | Orc:1    | Received a gift from Trog
 27663 | Orc:2    | Entered Level 2 of the Orcish Mines
 27696 | Orc:2    | Found a staircase to the Elven Halls.
 27697 | Orc:2    | Found Ifeex's General Store.
 27729 | Orc:2    | Found a dark tunnel.
 27737 | Volcano  | Entered a volcano
 28211 | Volcano  | Found a bloodstained altar of Trog.
 28317 | Volcano  | Found a radiant altar of Vehumet.
 28404 | Orc:2    | Bought a scroll of enchant weapon for 127 gold pieces
 28421 | Orc:2    | Found a runed translucent gate.
 28453 | Orc:2    | Found a runed translucent gate.
 28454 | Orc:2    | Found a runed translucent gate.
 28454 | Orc:2    | Noticed burt's ghost (journeyman DrCj)
 28499 | Orc:2    | Killed burt's ghost
 28522 | Orc:2    | Identified the amulet "Juconulo" {RegenMP +Blink rC++
                  | Dex-5}
 28525 | Orc:2    | Identified the +3 leather armour "Tacvier" {Rampage}
 28974 | Orc:2    | Found Ziaracu's Assorted Antiques.
 28974 | Orc:2    | Found Yjuarun's General Store.
 28974 | Orc:2    | Found Wier's Distillery.
 28974 | Orc:2    | Found Bestastajue's Book Shoppe.
 28989 | Orc:2    | Received a gift from Trog
 29289 | Orc:2    | Bought a scroll of blinking for 202 gold pieces
 29289 | Orc:2    | Bought a scroll of enchant armour for 202 gold pieces
 29289 | Orc:2    | Bought a scroll of teleportation for 81 gold pieces
 29290 | Orc:2    | Bought a scroll of teleportation for 42 gold pieces
 29290 | Orc:2    | Bought a scroll of teleportation for 42 gold pieces
 29292 | Orc:2    | Bought a potion of resistance for 140 gold pieces
 29292 | Orc:2    | Bought a potion of invisibility for 112 gold pieces
 29292 | Orc:2    | Bought a potion of heal wounds for 70 gold pieces
 29292 | Orc:2    | Bought a potion of curing for 42 gold pieces
 29292 | Orc:2    | Bought a potion of curing for 42 gold pieces
 29292 | Orc:2    | Bought a potion of curing for 42 gold pieces
 29418 | Orc:2    | Bought a scroll of identify for 34 gold pieces
 29429 | Elf:1    | Entered Level 1 of the Elven Halls
 29451 | Elf:1    | Received a gift from Trog
 30117 | Elf:1    | Found Ritom's Book Shoppe.
 30120 | Elf:1    | Bought a manual of Dodging for 1120 gold pieces
 30158 | Elf:1    | Paralysed by an air elemental for 1 turns
 30321 | Elf:1    | Found Etupasos's Book Boutique.
 30400 | Elf:1    | Reached XP level 17. HP: 148/158 MP: 16/16
 30413 | Elf:1    | Noticed a Brimstone Fiend
 30716 | Elf:1    | Reached skill level 15 in Dodging
 31045 | Elf:1    | Found Zirr's Book Emporium.
 31164 | Elf:2    | Found a runed translucent door.
 31164 | Elf:2    | Found a shimmering altar of Xom.
 31164 | Elf:2    | Noticed ees's ghost (adept TrBe)
 31170 | Elf:2    | Received a gift from Trog
 31228 | Elf:2    | Paralysed by an air elemental for 1 turns
 31366 | Elf:2    | Paralysed by an air elemental for 1 turns
 31388 | Elf:2    | Killed ees's ghost
 31813 | Elf:2    | Found a runed translucent gate.
 31814 | Elf:2    | Found a runed translucent gate.
 31814 | Elf:2    | Found a runed translucent gate.
 31839 | Elf:2    | Identified the +8 chain mail of Hepliaklqana's Fury {rN+
                  | Str+4 Int-5}
 32579 | Elf:2    | Reached skill level 15 in Armour
 32839 | Elf:2    | Received a gift from Trog
 33683 | Elf:3    | Entered Level 3 of the Elven Halls
 34169 | Swamp:1  | Entered Level 1 of the Swamp
 34171 | Swamp:1  | Identified the +3 scale mail "Derhupn" {Str+2}
 34207 | Swamp:1  | Noticed Frances
 34209 | Swamp:1  | Found a broken altar of Ashenzari.
 34216 | Swamp:1  | Killed Frances
 34973 | Swamp:1  | Noticed Aizul
 34990 | Swamp:1  | Killed Aizul
 34990 | Swamp:1  | Received a gift from Trog
 34991 | Swamp:1  | Reached skill level 10 in Throwing
 35425 | Swamp:2  | Reached XP level 18. HP: 158/166 MP: 17/17
 35993 | Swamp:2  | Identified the +2 pair of boots "Jekojubo" {Will- Str+9
                  | Dex+2}
 36666 | Swamp:3  | Received a gift from Trog
 36861 | Swamp:4  | Entered Level 4 of the Swamp
 37657 | Swamp:4  | Got a decaying rune of Zot
 37912 | Spider:1 | Entered Level 1 of the Spider Nest
 37965 | Spider:1 | Received a gift from Trog
 38269 | Spider:1 | You fall into a shaft and drop 1 floor!
 38284 | Spider:2 | Noticed Arachne
 38299 | Spider:2 | Killed Arachne
 38430 | Spider:2 | You fall into a shaft and drop 1 floor!
 40394 | Spider:4 | Entered Level 4 of the Spider Nest
 40570 | Spider:4 | Identified the +9 long sword of Hisiuc {vorpal, Str+3 Int-4
                  | Dex+4 Stlth+} (Trog gifted it to you on level 4 of the
                  | Spider Nest)
 40570 | Spider:4 | Received a gift from Trog
 40571 | Spider:4 | Reached skill level 15 in Throwing
 40616 | Spider:4 | Identified the +4 flail of Discord {elec, Dex+3}
 40934 | Spider:4 | Reached XP level 19. HP: 172/172 MP: 18/18
 41661 | Spider:4 | Identified the +11 falchion of Conformity {flame, rF+}
                  | (Trog gifted it to you on level 4 of the Spider Nest)
 41661 | Spider:4 | Received a gift from Trog
 42278 | Spider:4 | Got a gossamer rune of Zot
 42569 | Vaults:1 | Entered Level 1 of the Vaults
 42930 | Vaults:1 | Noticed Saint Roka
 42952 | Vaults:1 | Killed Saint Roka
 43467 | Vaults:1 | Received a gift from Trog
 43663 | Vaults:1 | Found Izef's Assorted Antiques.
 44474 | Vaults:2 | Reached skill level 10 in Evocations
 44583 | Vaults:2 | Received a gift from Trog
 45248 | Vaults:2 | Found Humoam's Armour Shoppe.
 45464 | Vaults:2 | Reached XP level 20. HP: 128/180 MP: 19/19
 45608 | Vaults:2 | Noticed Nikola
 45632 | Vaults:2 | Killed Nikola
 45632 | Vaults:2 | Received a gift from Trog
 46645 | Vaults:3 | Noticed Margery
 46670 | Vaults:3 | Killed Margery
 46696 | Vaults:3 | Received a gift from Trog
 47680 | Vaults:3 | Reached skill level 15 in Evocations
 47929 | Vaults:3 | Identified the +9 lajatang "Apuupnes" {vorpal, rElec Will+
                  | MP+9 Int+2}
 48070 | Vaults:3 | Identified the +5 great sword of Ojelepna {vorpal, SInv}
                  | (Trog gifted it to you on level 3 of the Vaults)
 48070 | Vaults:3 | Received a gift from Trog
 48198 | Vaults:3 | Reached XP level 21. HP: 175/188 MP: 20/20
 48483 | Vaults:3 | Received a gift from Trog
 48995 | Vaults:3 | Found a staircase to the Crypt.
 49422 | Vaults:4 | Received a gift from Trog
 49829 | Vaults:4 | Identified the +3 hand axe of Gravity {vorpal, Dex+4 SInv}
 50235 | Vaults:4 | Received a gift from Trog
 50956 | Vaults:5 | Entered Level 5 of the Vaults
 51142 | Vaults:5 | Reached XP level 22. HP: 150/185 MP: 21/21
 51459 | Vaults:4 | Identified the +13 glaive of Penuubuts {vorpal, rElec}
                  | (Trog gifted it to you on level 4 of the Vaults)
 51459 | Vaults:4 | Received a gift from Trog
 52075 | Vaults:5 | Noticed a dread lich
 52247 | Vaults:4 | Killed a dread lich
 52711 | Vaults:5 | Found the +5 sword of Power {vorpal}
 52827 | Vaults:5 | Identified the +13 mace of the Absolute Madman {flame, Fly
                  | rElec Str+10 Int-2} (Trog gifted it to you on level 5 of
                  | the Vaults)
 52827 | Vaults:5 | Received a gift from Trog
 53005 | Vaults:5 | Noticed an ancient lich
 53019 | Vaults:5 | Killed an ancient lich
 54209 | Vaults:5 | Received a gift from Trog
 54224 | Vaults:5 | Identified the +2 cloak of Vaijemua {Str+7 Stlth-}
 54386 | Vaults:5 | Reached XP level 23. HP: 202/202 MP: 22/22
 54589 | Vaults:5 | Identified the ring of Narr {Fly rPois SInv}
 54611 | Vaults:5 | Found Qogis's Weapon Boutique.
 54828 | Vaults:5 | Got a silver rune of Zot
 55562 | Slime:1  | Entered Level 1 of the Pits of Slime
 55902 | Slime:1  | Gained mutation: You sometimes lose the ability to read
                  | scrolls when taking damage. [a shining eye]
 55908 | Slime:1  | Lost mutation: You sometimes lose the ability to read
                  | scrolls when taking damage. [potion of mutation]
 55908 | Slime:1  | Gained mutation: You are robust. (+10% HP) [potion of
                  | mutation]
 56602 | Slime:1  | You fall into a shaft and drop 1 floor!
 57337 | Slime:2  | Received a gift from Trog
 57359 | Slime:2  | Paralysed by a floating eye for 3 turns
 57369 | Slime:2  | Paralysed by a floating eye for 3 turns
 57946 | Slime:3  | Gained mutation: You do not regenerate when monsters are
                  | visible. [a shining eye]
 59120 | Slime:3  | Received a gift from Trog
 59891 | Slime:5  | Entered Level 5 of the Pits of Slime
 60484 | Slime:5  | Noticed the Royal Jelly
 60510 | Slime:5  | Received a gift from Trog
 60518 | Slime:5  | Gained mutation: You are dopey. (Int -2) [a shining eye]
 60518 | Slime:5  | Gained mutation: You are weak. (Str -2) [a shining eye]
 60523 | Slime:5  | Gained mutation: You are clumsy. (Dex -2) [a shining eye]
 60683 | Slime:5  | Found a viscous altar of Jiyva.
 60826 | Slime:5  | Killed the Royal Jelly
 60917 | Slime:5  | Got a slimy rune of Zot
 60918 | Slime:5  | Identified the amulet of Axomad {rPois Regen+ rCorr Dex-5}
 60922 | Slime:5  | Identified the +7 arbalest "Pycoa" {elec, rPois Str+3}
 61057 | Slime:5  | Identified the +2 mace "Minotaur's Bane" {vorpal, Will+
                  | Int+5}
 61156 | Slime:5  | HP: 12/333 [acid blob[the Royal Jelly] (15)]
 61156 | Slime:5  | HP: 2/333 [acid[the Royal Jelly] (10)]
 61157 | Slime:5  | Splashed by an acid blob's acid

Illustrated notes

Levels and vault maps discovered:
D:1:      scummos_arrival_gate, layout_rooms, basic_ecumenical_altar,
          serial_shops, nicolae_shop_stone
D:2:      minmay_chambers_of_ones, layout_rooms
D:3:      layout_loops_ring, gup_sewer_entry_glass, serial_shops,
          shop_fountains, minmay_stone_trees_small, kennysheep_generic_room_12,
          uniq_ijyb
D:4:      layout_loops_corners, minmay_a_box_with_orc_wizards_in_it,
          uniq_sigmund
D:5:      layout_loops_cross, nicolae_tso_besieged_by_evil,
          chequers_serial_rivers_small_b, minmay_misc_feat_plants,
          minmay_checkerbox
D:6:      layout_layer_cave, uniq_blork_the_orc, uniq_pikel
D:7:      layout_basic, mainiacjoe_overflow_tiny_flanked,
          gammafunk_temple_overflow_pools, mainiacjoe_overflow_alcove_4,
          minmay_temple_entry_stoned_glass
D:8:      layout_gridville, gammafunk_ghost_cemetery, grunt_ministairs_15,
          uniq_joseph
D:9:      layout_basic, nicolae_ru_sacrificial_ziggurat, st_stairs_4,
          minmay_microvault
D:10:     layout_loops_ring, david_lair_generic, david_orc_4
D:11:     layout_rooms
D:12:     layout_rooms, nicolae_trove_entry_free_sample,
          grunt_dithmenos_smoke_and_mirrors
D:13:     layout_small_grid, david_vaults_4, enter_bailey_4, uniq_rupert
D:14:     layout_rooms, nemelex_diamond_rough_becter, uniq_azrael
D:15:     hangedman_depths_entry_civil_slaughter, layout_basic, serial_shops,
          bzr_entry_water, nicolae_shop_overgrown_old_shop, shop,
          nicolae_lakefront_shop, shop, ashenzari_conservatory_becter,
          portal_ice_cave_entry_ice_simulacra, okawaru_metal_pillars_3
Lair:1:   layout_cellular_growth, serial_bayou_shore_a, uniq_urug
Lair:2:   layout_hall_layers, minmay_swamp_entry_worms, special_room
          [special_room_bee], gauntlet_entry_generic, beast_lair_carwin_2,
          uniq_harold
Lair:3:   layout_chaotic_city, dummy_spider_entry, grunt_megastairs_3,
          uniq_snorg
Lair:4:   layout_misc_corridors, special_room [special_room_mythical_zoo]
Lair:5:   layout_misc_corridors, minmay_slime_entry_jelly_boxes,
          hibernation_bobbens, grunt_megastairs_1
Lair:6:   hangedman_lair_tendril_chambers, layout_concentric_octagons,
          minivault_26, minmay_stone_trees_large,
          chequers_serial_rivers_small_b, guppyfry_lair_drakes
Swamp:1:  layout_basic_swamp, nicolae_swamp_small_spring,
          nicolae_swamp_godswood, swamp_pool2, nicolae_swamp_very_dense_foliage,
          uniq_frances, uniq_aizul
Swamp:2:  layout_falls_marsh, nicolae_swamp_round_clearing,
          hangedman_swamp_ravenous
Swamp:3:  layout_basic_swamp, hangedman_swamp_pad
Swamp:4:  swamp, layout_basic_swamp, ldierk_geyser, swamp_pool4
Spider:1: layout_spider_delve
Spider:2: layout_spider_delve, uniq_arachne
Spider:3: layout_spider_delve
Spider:4: grunt_spider_rune_circles, drop_trap, nicolae_spider_circle_web
Slime:1:  layout_caves
Slime:2:  layout_caves, cheibrodos_slime_lost_civilization_4
Slime:3:  cheibrodos_slime_lost_civilization_1, layout_caves
Slime:4:  layout_caves
Slime:5
Orc:1:    layout_caves, serial_shops, nicolae_shop_window_shopping, mines1_david
Orc:2:    st_orc_ogre_mass, layout_diamond_mine, serial_shops, shop,
          nicolae_volcano_entry_two_sided, biasface_ghost_orc_armoury,
          kennysheep_orc_chapel
Elf:1:    nicolae_elf_arrival_fired_up, layout_geoelf_octagon, serial_shops,
          nicolae_shop_temple_entry_statues_fountains,
          nicolae_shop_behind_doors, nicolae_square_shop, minmay_elf_demonology,
          serial_sigils_hangedman_shear, item_on_display_a
Elf:2:    nicolae_elf_blades_crystal_corner, layout_rooms, ebering_ghost_xom
Elf:3:    minmay_elf_hall, layout_gridlike, serial_glass, glass_columns_a,
          glass_columns_b
Vaults:1: nicolae_vaults_specimen_jars, ontoclasm_vaults_bender,
          vaults_room_semicircle, nicolae_vaults_diagonal_hallway_6,
          vaults_standard_mumra_enter_the_diamond,
          nicolae_vaults_little_squares_2, nicolae_vaults_little_squares_4,
          nicolae_vaults_rhombus_5, nicolae_vaults_little_squares_2,
          vaults_room_fours, layout_vaults_omnicross, serial_shops,
          nicolae_square_shop, uniq_saint_roka
Vaults:2: vaults_mumra_minichess_inversion, ontoclasm_vaults_spin, v_misc_27,
          v_misc_33, vaults_room_semicircle, dpeg_vaults_monster_box,
          ontoclasm_vaults_gallery, hangedman_vaults_hat,
          vaults_room_large_hall, ontoclasm_vaults_twist, vaults_room_hallway,
          layout_vaults_maze, uniq_nikola
Vaults:3: v_misc_10, nicolae_vaults_minivaults,
          minmay_crypt_entry_skeletal_spiral, hangedman_vaults_capsules,
          v_misc_15, ontoclasm_vaults_ring_large,
          nicolae_vaults_disjoint_gnomons, hangedman_vaults_impose,
          hangedman_vaults_cutoff, vaults_standard_mumra_lines, v_alt_pattern_6,
          layout_vaults_omnibox, uniq_margery
Vaults:4: nicolae_vaults_diagonal_hallway_6, nicolae_vaults_little_squares_6,
          nicolae_vaults_network_quincunx
          [nicolae_vaults_network_quincunx_subvault,
          nicolae_vaults_network_quincunx_subvault,
          nicolae_vaults_network_quincunx_subvault,
          nicolae_vaults_network_quincunx_subvault,
          nicolae_vaults_network_quincunx_subvault], v_misc_22,
          nicolae_vaults_little_squares_3, nicolae_vaults_meeting,
          vaults_mumra_minichess, nicolae_vaults_rhombus_5,
          layout_vaults_omnigrid
Vaults:5: serial_shops

Skill      XL: |  1  2  3  4  5  6  7  8  9 10 11 12 13 14 15 16 17 18 19 20 21 22 23 |
---------------+----------------------------------------------------------------------+-----
Long Blades    | 4 5 6 7 9 11 13 14 15 18 | 18.4
Fighting       | 4 5 6 7 8 10 11 12 15 16 | 16.0
Armour         | 3 5 6 8 9 10 12 13 16 17 20 | 20.0
Dodging        | 3 4 5 6 8 10 12 14 16 18 19 20 | 20.0
Stealth        | 1 2 3 4 |  4.0
Evocations     | 4 7 8 11 15 17 20 | 20.0
Shields        | 3 12 15 | 15.0
Bows           | 1 |  1.3
Throwing       | 1 7 10 15 | 15.9
Short Blades   | 1 |  1.0
Axes           | |  0.5
Maces & Flails | |  0.7
Polearms       | |  0.5
Staves         | |  0.5
Slings         | |  0.5
Crossbows      | |  0.5
Unarmed Combat | |  0.6
Invocations    | |  0.3

Action                   |  1- 3 |  4- 6 |  7- 9 | 10-12 | 13-15 | 16-18 | 19-21 | 22-24 || total
-------------------------+-------+-------+-------+-------+-------+-------+-------+-------++-------
Melee: Falchion          |    29 |       |       |       |       |       |       |       ||    29
       Headbutt          |     7 |    18 |    40 |   118 |   358 |   418 |   560 |   452 ||  1971
       Long sword        |    25 |   121 |   178 |   482 |    66 |       |       |       ||   872
       Scimitar          |       |       |       |       |   921 |   439 |       |       ||  1360
       Double sword      |       |       |       |       |       |  1098 |  1403 |  1076 ||  3577
Throw: Throwing net      |     1 |       |       |       |       |       |       |       ||     1
       Javelin           |       |       |     2 |       |       |    36 |    10 |     7 ||    55
Invok: Berserk           |       |     2 |     3 |     9 |    15 |    14 |     6 |     4 ||    53
       Trog's Hand       |       |     1 |       |     3 |     1 |     1 |     6 |     7 ||    19
       Brothers in Arms  |       |       |       |     1 |     1 |     4 |     8 |     4 ||    18
Evoke: Condenser vane    |       |       |       |       |       |       |     4 |     3 ||     7
       Wand              |       |       |       |       |       |       |     1 |     2 ||     3
       Lightning rod     |       |       |       |       |       |       |       |     3 ||     3
  Use: Scroll            |       |       |       |    12 |     6 |    20 |     3 |     5 ||    46
       Potion            |       |       |       |     1 |     2 |     1 |     7 |     8 ||    19
 Stab: Invisible         |       |       |       |     3 |    23 |    45 |    41 |    12 ||   124
       Distracted        |       |       |       |     1 |     1 |     1 |       |     2 ||     5
       Confused          |       |       |       |       |       |     1 |       |       ||     1
Armor: Leather armour    |     1 |       |       |       |       |       |       |       ||     1
       Animal skin       |     1 |       |       |       |       |       |       |       ||     1
       Ring mail         |    25 |    64 |    65 |    92 |       |       |       |       ||   246
       Ice dragon scales |       |       |       |    23 |   269 |   165 |       |       ||   457
       Scale mail        |       |       |       |       |       |   128 |       |       ||   128
       Swamp dragon scal |       |       |       |       |       |   106 |   312 |    19 ||   437
       Shadow dragon sca |       |       |       |       |       |       |       |    94 ||    94
       Storm dragon scal |       |       |       |       |       |       |       |   220 ||   220
Dodge: Dodged            |    36 |   111 |    97 |   349 |   755 |  1165 |  1055 |   641 ||  4209
Block: Buckler           |       |       |       |    23 |    11 |       |       |       ||    34
       Kite shield       |       |       |       |       |   785 |  1191 |  1068 |   771 ||  3815
       Rpst.: Falchion   |     5 |       |       |       |       |       |       |       ||     5
       Long sword        |     5 |    33 |    23 |    61 |    18 |       |       |       ||   140
       Scimitar          |       |       |       |       |   147 |    42 |       |       ||   189
       Double sword      |       |       |       |       |       |   147 |   185 |   142 ||   474
